 Dungeon Crawl Stone Soup version 0.23.0-3-gf3c87f2 (webtiles) character file.

Game seed: 1427517578480831665

789 ohad the Changer (level 7, 0/43 HPs)
             Began as an Octopode Transmuter on Feb 23, 2019.
             Slain by a shadow imp (4 damage)
             ... on level 5 of the Dungeon.
             The game lasted 00:13:08 (5727 turns).

ohad the Changer (Octopode Transmuter)              Turns: 5727, Time: 00:13:08

Health: 0/43       AC:  2    Str: 10    XL:     7   Next: 87%
Magic:  5/13       EV: 19    Int: 17    God:
Gold:   247        SH:  0    Dex: 17    Spells: 4/14 levels left

rFire    . . .     SeeInvis .     - Unarmed
rCold    . . .     Gourm    .   (shield currently unavailable)
rNeg     . . .     Faith    .   (helmet currently unavailable)
rPois    x         Spirit   .   (no amulet)
rElec    .         Reflect  .   (no ring)
rCorr    .         Harm     .   (no ring)
MR       .....                  (no ring)
Stlth    ++........             (no ring)
HPRegen  0.14/turn              (no ring)
MPRegen  0.13/turn              (no ring)
                                (no ring)
                                (no ring)

@: spider-form (expiring)
A: tiny, almost no armour, stealthy swim, (amphibious), 8 rings, (constrict 8)
a: End Transformation


You were on level 5 of the Dungeon.
You were not hungry.
You were a venomous arachnid creature.
You visited 2 branches of the dungeon, and saw 6 of its levels.

You collected 247 gold pieces.

Inventory:

Hand Weapons
 v - a +1 short sword of distortion
Missiles
 a - 37 arrows
 k - 29 poisoned needles
 l - 2 javelins
Armour
 q - a +2 buckler of reflection
Wands
 y - a wand of paralysis (13)
Scrolls
 b - a scroll of remove curse {unknown}
 f - a scroll of random uselessness
 i - a scroll of magic mapping
 j - 2 scrolls of amnesia
 w - a scroll of enchant armour {unknown}
Potions
 d - a potion of agility {unknown}
 e - a potion of cancellation {unknown}
 g - 2 potions of curing
 n - a potion of degeneration {unknown}
 o - a potion of haste {unknown}
 s - 2 potions of mutation {unknown}
 u - a potion of might
Comestibles
 c - 10 rations
 t - 2 chunks of flesh


   Skills:
 - Level 1.0 Fighting
 - Level 2.0 Dodging
 + Level 3.0 Unarmed Combat
 - Level 4.2 Spellcasting
 - Level 7.3 Transmutations
 - Level 2.0 Ice Magic


You had 4 spell levels left.
You knew the following spells:

 Your Spells              Type           Power        Failure   Level  Hunger
a - Beastly Appendage     Tmut           ####..       4%          1    None
b - Sticks to Snakes      Tmut           ####....     5%          2    ##.....
c - Spider Form           Tmut/Pois      ###.......   26%         3    ###....
d - Ice Form              Ice/Tmut       ###.....     43%         4    ####...

Your spell library contained the following spells:

 Spells                   Type           Power        Failure   Level  Hunger
 Animate Skeleton         Necr           N/A          34%         1    None
 Apportation              Tloc           #.....       34%         1    None
 Confusing Touch          Hex            #.....       34%         1    None
 Summon Small Mammal      Summ           #...         34%         1    None
 Blade Hands              Tmut           ####......   43%         5    ######.


Dungeon Overview and Level Annotations

Branches:
Dungeon (5/15)             Temple (1/1) D:4

Altars:
Ashenzari
Cheibriados
Dithmenos
Elyvilon
Fedhas
Makhleb
Okawaru
Qazlal
Ru
Trog
Uskayaw
Vehumet
Wu Jian
Xom
Yredelemnul
Zin
The Shining One

Annotations:
D:3 4 transporters, DungeonDestroyer's ghost, amateur DgFi


Innate Abilities, Weirdness & Mutations

You cannot wear most types of armour.
You are very stealthy in the water. (Stealth+)
((You are amphibious.))
You can wear up to eight rings at the same time.
((You can use your tentacles to constrict eight enemies at once.))
((Your skin changes colour to match your surroundings (Stealth+).))
((Your rubbery body absorbs attacks. (AC +1, EV +1)))


Message History

The shadow imp closely misses you.
You hit the shadow imp but do no damage.
You barely miss the shadow imp.
The shadow imp hits you but does no damage.
Unknown command.
You hit the shadow imp but do no damage.
The shadow imp hits you.
* * * LOW HITPOINT WARNING * * *
You barely miss the shadow imp. The shadow imp completely misses you.
Unknown command.
You hit the shadow imp.
The shadow imp is lightly wounded.
Your transformation is almost over.
The shadow imp gestures at you. Pain shoots through your body!
* * * LOW HITPOINT WARNING * * *
You hit the shadow imp but do no damage.
The shadow imp is lightly wounded.
The shadow imp hits you.
You die...

### ... #.#
#..# #..##
#####..###
........5s#
.....##.###
##.. #.#
.5. #.. ##
###


You could see a shadow imp.

Vanquished Creatures
  A centaur (D:5)
  A scorpion (D:5)
  A crimson imp (D:5)
  An orc priest (D:4)
  2 centaur skeletons
  An orc wizard (D:4)
  Jessica (D:2)
  Terence (D:2)
  4 worker ants (D:4)
  4 adders
  2 adder skeletons (D:4)
  3 worms
  A dart slug (D:1)
  2 leopard geckos
  2 orcs (D:3)
  6 bats
  6 giant cockroaches
  7 goblins
  4 hobgoblins
  6 frilled lizards
  A jackal skeleton (D:4)
  11 kobolds
  3 rats
71 creatures vanquished.

Vanquished Creatures (collateral kills)
  Grinder (D:3)
  An ice beast (D:5)
  A centaur skeleton (D:4)
  A worker ant (D:5)
  A ball python (D:5)
5 creatures vanquished.

Grand Total: 76 creatures vanquished

Notes
Turn   | Place    | Note
-------+----------+-------------------------------------------
     0 | D:1      | ohad the Octopode Transmuter began the quest for the Orb.
     0 | D:1      | Reached XP level 1. HP: 13/13 MP: 3/3
   311 | D:1      | Reached XP level 2. HP: 18/18 MP: 5/5
   422 | D:1      | Reached skill level 3 in Transmutations
   749 | D:1      | Reached XP level 3. HP: 6/23 MP: 4/6
  1408 | D:2      | Noticed Terence
  1415 | D:2      | Learned a level 2 spell: Sticks to Snakes
  1419 | D:2      | Learned a level 3 spell: Spider Form
  1491 | D:2      | Killed Terence
  1491 | D:2      | Reached skill level 4 in Transmutations
  1516 | D:2      | Reached XP level 4. HP: 28/28 MP: 3/7
  1660 | D:2      | You fall through a shaft!
  1675 | D:3      | Found a burning altar of Makhleb.
  2023 | D:2      | Reached skill level 5 in Transmutations
  2023 | D:2      | Reached XP level 5. HP: 5/33 MP: 6/8
  2327 | D:2      | Noticed Jessica
  2333 | D:2      | Killed Jessica
  2839 | D:3      | Found a transporter.
  2858 | D:3      | Found a transporter.
  2868 | D:3      | Noticed Grinder
  3144 | D:3      | Found a transporter.
  3220 | D:3      | Found a white marble altar of Elyvilon.
  3493 | D:4      | Found an iron altar of Okawaru.
  3777 | D:4      | Found a staircase to the Ecumenical Temple.
  3795 | Temple   | Entered the Ecumenical Temple
  3891 | D:4      | Reached skill level 6 in Transmutations
  3891 | D:4      | Reached XP level 6. HP: 31/38 MP: 7/9
  4163 | D:3      | Noticed DungeonDestroyer's ghost (amateur DgFi)
  4164 | D:3      | Found a transporter.
  4246 | D:3      | Paralysed by Grinder for 3 turns
  4253 | D:3      | Paralysed by Grinder for 7 turns
  4259 | D:3      | Killed Grinder
  4259 | D:3      | Reached skill level 7 in Transmutations
  4328 | D:3      | Reached XP level 7. HP: 43/43 MP: 6/10
  4448 | D:3      | Learned a level 4 spell: Ice Form
  4681 | D:4      | Reached skill level 1 in Ice Magic
  4873 | D:4      | Found a hide-covered altar of Uskayaw.
  4906 | D:4      | Found a snail-covered altar of Cheibriados.
  5455 | D:5      | Entered Level 5 of the Dungeon
  5661 | D:5      | Found a blossoming altar of Fedhas.
  5687 | D:5      | HP: 2/43 [ice beast (8)]
  5727 | D:5      | Slain by a shadow imp

Skill      XL: |  1  2  3  4  5  6  7 |
---------------+----------------------+-----
Transmutations | 3 4 5 6 7 |  7.3
Ice Magic      | 2 |  2.0
Spellcasting   | 4 |  4.2
Fighting       | |  1.0
Dodging        | |  2.0
Unarmed Combat | |  3.0

Action                   |  1- 3 |  4- 6 |  7- 9 || total
-------------------------+-------+-------+-------++-------
Melee: Unarmed           |    61 |    87 |    83 ||   231
       Constrict         |    14 |    11 |     2 ||    27
       Tentacles         |    11 |    15 |       ||    26
       Kick              |     5 |    10 |       ||    15
 Cast: Beastly Appendage |     8 |     9 |     1 ||    18
       Sticks to Snakes  |     1 |     7 |     3 ||    11
       Spider Form       |     1 |     6 |     9 ||    16
  Use: Scroll            |       |     4 |     4 ||     8
       Potion            |       |       |     5 ||     5
 Stab: Sleeping          |     3 |     2 |       ||     5
  Eat: Chunk             |     2 |     7 |     6 ||    15
       Ration            |       |     1 |       ||     1
Armor: Skin              |     3 |     8 |     8 ||    19
Dodge: Dodged            |    41 |    58 |    63 ||   162
